Map: Ruins of Endion

Players

Siglave

  • Race: Terran Terran
  • League: Master

Miszu - Winner!

  • Race: Terran Terran
  • League: Master

VOD

Have the link to the VOD?

Description

Time

  • Played on: April 22, 2016, 1:50 p.m.
  • Length: 7:13
Show
View Real Time Build Order
Export as new Build Order

Siglave Terran 

Build Orders:  

Get SALT Encoding   

  12  0:02  SCV  
  13  0:14  Supply Depot  
  13  0:18  SCV  
  14  0:31  SCV  
  15  0:46  Barracks  
  15  0:55  Barracks  
  15  1:07  Barracks  
  15  1:16  SCV  
  16  1:26  Supply Depot  
  16  1:32  Orbital Command  
  16  1:37  Marine  
  17  1:44  Marine  
  18  1:54  Marine x2  
  20  2:02  Marine  
  20  2:10  SCV  
  20  2:12  Marine x2  
  23  2:19  Marine  
  24  2:30  Marine x2  
  26  2:37  Marine  
  26  2:48  Marine x2  
  27  2:55  Marine  
  27  3:05  Marine  
  27  3:06  Marine  
  27  3:07  Barracks  
  28  3:13  Supply Depot, Marine  
  29  3:23  Marine  
  29  3:24  SCV  
  31  3:35  Marine x2  
  33  3:41  Marine  
  29  3:53  Supply Depot, Marine x2  
  29  3:54  Marine  
  28  3:59  Marine  
  27  4:06  SCV  
  28  4:10  Marine x2  
  28  4:11  Barracks  
  28  4:12  Marine  
  31  4:17  Marine  
  32  4:28  Marine x2  
  32  4:29  Marine  
  34  4:35  Marine  
  33  4:46  Marine x2  
  33  4:47  Marine  
  33  4:52  Marine  
  25  4:58  Marine  
  27  5:04  Marine x2  
  27  5:05  Marine  
  27  5:06  Barracks  
  30  5:10  Marine  
  31  5:16  Marine  
  32  5:22  Marine x2  
  32  5:23  Marine  
  32  5:28  Marine  
  35  5:34  Marine  
  36  5:39  Marine x2  
  36  5:41  Marine  
  33  5:46  Marine  
  34  5:52  Marine  
  35  5:57  Marine x3, Command Center  
  35  5:58  Marine  
  35  6:04  Marine  
  39  6:10  Marine  
  36  6:15  Marine x3  
  36  6:16  Refinery, Marine  
  36  6:17  Refinery  
  40  6:21  Marine  
  41  6:27  Marine  
  42  6:33  Marine x3  
  42  6:34  Marine  
  42  6:39  Marine  
  47  6:49  Marine  
  47  6:50  Marine  
Show
View Real Time Build Order
Export as new Build Order

Miszu Terran - Winner!

Build Orders: Reaper Expand 

Get SALT Encoding   

  12  0:00  SCV  
  13  0:12  SCV  
  14  0:17  Supply Depot  
  14  0:25  SCV  
  15  0:39  SCV  
  15  0:42  Barracks  
  16  0:47  Refinery  
  16  0:51  SCV  
  17  1:03  SCV  
  18  1:15  SCV  
  19  1:29  Orbital Command  
  19  1:30  Reaper  
  20  1:40  Command Center  
  20  1:46  Supply Depot  
  20  1:55  Refinery  
  20  1:56  SCV  
  21  2:04  Barracks Reactor  
  21  2:09  SCV  
  22  2:18  Reaper  
  22  2:21  SCV  
  24  2:23  Bunker  
  23  2:31  Factory  
  23  2:34  SCV  
  22  2:46  SCV  
  22  2:50  Reaper  
  18  3:00  SCV  
  19  3:12  SCV  
  20  3:20  Factory Tech Lab  
  20  3:21  Starport  
  20  3:22  Reaper  
  20  3:23  Command Center  
  20  3:24  SCV  
  22  3:36  SCV  
  22  3:48  SCV  
  22  3:52  Hellion  
  18  4:00  SCV  
  18  4:12  Reaper, SCV  
  20  4:22  Hellion  
  22  4:25  SCV  
  22  4:36  SCV  
  20  4:46  SCV  
  18  5:01  Hellion  
  18  5:04  Reaper  
  21  5:14  SCV  
  21  5:19  SCV  
  22  5:26  SCV  
  22  5:27  Hellion  
  25  5:36  Reaper  
  25  5:38  SCV  
  27  5:44  Orbital Command  
  27  5:50  SCV  
  28  6:02  SCV, Banshee  
  32  6:14  SCV x2  
  34  6:26  SCV  
  34  6:29  SCV  
  36  6:38  SCV  
  37  6:41  SCV  
Tags
 
Add a new tag
Caveats
  • Supply blocks, unpowered buildings, or Contaminate may cause inaccurate times.
  • Supply counts are checked every 10 seconds.